 Dungeon Crawl Stone Soup version 0.23.1 (webtiles) character file.

Game seed: 10348889391791735913

1398 misha the Spear-Bearer (level 8, -1/68 (69) HPs)
             Began as a Merfolk Berserker on Mar 2, 2019.
             Was an Elder of Trog.
             Succumbed to an orc wizard's poison
             ... on level 5 of the Dungeon.
             The game lasted 00:15:05 (6743 turns).

misha the Spear-Bearer (Merfolk Berserker)          Turns: 6743, Time: 00:15:06

HP:   -1/68 (69)    AC:  3    Str: 20    XL:     8   Next: 69%
MP:   8/8           EV: 12    Int:  6    God:    Trog [****..]
Gold: 617           SH:  0    Dex: 13    Spells: 7/7 levels left

rFire    + . .     SeeInvis .   z - +0 trident
rCold    + . .     Gourm    .   (no shield)
rNeg     . . .     Faith    .   u - +0 leather armour
rPois    .         Spirit   .   k - +1 helmet
rElec    .         Reflect  .   A - scarf {rC+ rF+}
rCorr    .         Harm     .   (no gloves)
MR       .....                  (no boots)
Stlth    +.........             (no amulet)
HPRegen  0.21/turn              m - -2 ring of protection (curse)
MPRegen  0.11/turn              t - ring of flight

@: lethally poisoned (-1 -> -32), berserk cooldown, slowed, very slow
A: change form in water, swift swim, stealthy swim
a: Berserk, Trog's Hand, Brothers in Arms, Renounce Religion, Evoke Flight


You were on level 5 of the Dungeon.
You worshipped Trog.
Trog was greatly pleased with you.
You were not hungry.

You visited 1 branch of the dungeon, and saw 5 of its levels.

You collected 617 gold pieces.

Inventory:

Hand Weapons
 a - a +0 spear
 z - a +0 trident (weapon)
Missiles
 f - 13 poisoned needles
 h - 60 arrows
 i - 52 bolts
 l - 75 stones (quivered)
 n - 53 sling bullets
 w - 5 steel tomahawks
Armour
 k - a +1 helmet (worn)
 u - a +0 leather armour (worn)
 A - a scarf of resistance (worn)
Magical Staves
 b - an uncursed staff of fire
Jewellery
 m - a cursed -2 ring of protection (left hand)
 t - a ring of flight (right hand)
Wands
 r - a wand of flame (12)
Scrolls
 d - 3 scrolls of identify
 e - 3 scrolls of enchant armour
 g - 2 scrolls of fear {unknown}
 j - a scroll of blinking {unknown}
 o - a scroll of random uselessness {unknown}
 q - a scroll of magic mapping
 s - 3 scrolls of teleportation {unknown}
 y - a scroll of fog {unknown}
Potions
 p - a potion of might
 v - a potion of haste {unknown}
 x - a potion of curing {unknown}
Comestibles
 c - 3 rations


   Skills:
 + Level 8.6 Fighting
 + Level 11.2 Polearms
 - Level 1.4 Armour
 - Level 2.8 Dodging


You had 7 spell levels left.
You didn't know any spells.
Your spell library was empty.

Dungeon Overview and Level Annotations

Branches:
Dungeon (5/15)
 Temple: D:4-7

Altars:
Cheibriados
Elyvilon
Qazlal
Sif Muna
Xom
The Shining One


Message History

Trog accepts your kill.
You are no longer berserk.
Trog's vigour flows through your veins.
You are exhausted.
You feel yourself slow down.
* * * LOW HITPOINT WARNING * * *
You feel sick. Something hits you.
* * * LOW HITPOINT WARNING * * *
You are more poisoned.
* * * LOW HITPOINT WARNING * * *
You feel very sick.
You eat one of the 4 rations.
That ration really hit the spot!
* * * LOW HITPOINT WARNING * * *
You feel very sick.
A magic dart appears from out of thin air!
The magic dart hits you.
* * * LOW HITPOINT WARNING * * *
Your ogre goes berserk!
You feel quite a bit more hungry.
You die...

#........'.#.........#.#.####....
'.)......#.#.........#.#.#....###
'........#.#.........#...........
#........#+###.....###.....#.####
##......##...###.### ####..#.....
.##....##..$...#'## #..######
########.....$.#..## #..# ##
..$..$..#...### #..# .###
#.....$.#@....## #..# ....
#..$..)'..O...# #..# .###
##...###.....####..# .#
############...###.....# .#
#.......#.##..## ####.## .#
#.#######)###########.# .# #.#
#...........).# .## #.#
#.############# ..###.# #.#


You could see a friendly ogre (berserk).

Vanquished Creatures
  Sigmund (D:3)
  A sky beast (D:5)
  A necrophage (D:5)
  2 ogres
  A big kobold (D:4)
  A bullfrog (D:3)
  A scorpion (D:4)
  2 howler monkeys
  A centaur zombie (D:5)
  A bullfrog zombie (D:5)
  2 hounds (D:5)
  A bullfrog skeleton (D:5)
  5 orc priests (D:5)
  2 orc wizards (D:5)
  3 worker ants
  A killer bee zombie (D:5)
  A worker ant zombie (D:5)
  2 adders (D:2)
  2 gnolls
  A shadow imp (D:4)
  2 oozes
  2 worms
  4 dart slugs
  3 leopard geckos
  17 orcs
  4 giant cockroaches
  11 goblins
  13 hobgoblins
  7 jackals
  4 kobolds
  4 quokkas
  A ball python (D:3)
  10 bats
  6 frilled lizards
  2 leopard gecko skeletons (D:4)
  A quokka zombie (D:5)
  14 rats
137 creatures vanquished.

Vanquished Creatures (others)
  A leopard gecko (D:4)
1 creature vanquished.

Grand Total: 138 creatures vanquished

Notes
Turn   | Place    | Note
-------+----------+-------------------------------------------
     0 | D:1      | misha the Merfolk Berserker began the quest for the Orb.
     0 | D:1      | Reached XP level 1. HP: 18/18 MP: 1/1
   195 | D:1      | Reached XP level 2. HP: 22/24 MP: 2/2
   198 | D:1      | Reached skill level 5 in Polearms
   486 | D:1      | Reached XP level 3. HP: 24/30 MP: 3/3
   503 | D:1      | Reached ** piety under Trog
  1049 | D:2      | Found a snail-covered altar of Cheibriados.
  1235 | D:2      | Reached XP level 4. HP: 29/37 MP: 4/4
  1244 | D:2      | Reached skill level 6 in Polearms
  1871 | D:2      | Found a deep blue altar of Sif Muna.
  1871 | D:2      | Found a glowing golden altar of the Shining One.
  1930 | D:2      | Reached XP level 5. HP: 36/43 MP: 5/5
  2321 | D:3      | Reached *** piety under Trog
  2763 | D:3      | Reached skill level 5 in Fighting
  2808 | D:3      | Reached skill level 7 in Polearms
  2924 | D:3      | Noticed Sigmund
  2942 | D:3      | Killed Sigmund
  2942 | D:3      | Reached XP level 6. HP: 51/52 MP: 6/6
  3331 | D:3      | Reached skill level 8 in Polearms
  3801 | D:4      | Reached XP level 7. HP: 25/59 MP: 7/7
  4088 | D:4      | Found a white marble altar of Elyvilon.
  4090 | D:4      | HP: 2/59 [poisoned by a worker ant]
  4096 | D:4      | HP: 1/59 [poisoned by a worker ant]
  4102 | D:4      | HP: 1/59 [poisoned by a worker ant]
  4431 | D:4      | Found a stormy altar of Qazlal.
  4477 | D:4      | Found a transporter.
  4478 | D:4      | Found a transporter.
  4482 | D:4      | Found a shimmering altar of Xom.
  4566 | D:4      | Reached skill level 9 in Polearms
  5408 | D:5      | Entered Level 5 of the Dungeon
  5581 | D:5      | Reached **** piety under Trog
  6041 | D:5      | Reached XP level 8. HP: 47/67 MP: 8/8
  6265 | D:5      | Reached skill level 10 in Polearms
  6585 | D:5      | Reached skill level 11 in Polearms
  6742 | D:5      | HP: 3/68 [something/magic dart (5)]
  6743 | D:5      | Succumbed to an orc wizard's poison

Skill      XL: |  1  2  3  4  5  6  7  8 |
---------------+-------------------------+-----
Polearms       | 5 6 7 8 9 11 | 11.2
Fighting       | 4 5 6 7 8 |  8.6
Armour         | |  1.4
Dodging        | |  2.8

Action                   |  1- 3 |  4- 6 |  7- 9 || total
-------------------------+-------+-------+-------++-------
Melee: Spear             |   124 |   236 |    53 ||   413
       Staff             |       |    12 |       ||    12
       Trident           |       |       |   158 ||   158
Throw: Stone             |       |     2 |       ||     2
Invok: Berserk           |       |     1 |     7 ||     8
       Brothers in Arms  |       |       |     1 ||     1
 Abil: Evoke Flight      |       |     1 |       ||     1
  Use: Scroll            |       |     3 |       ||     3
       Potion            |       |       |     1 ||     1
 Stab: Sleeping          |     4 |     3 |       ||     7
  Eat: Chunk             |       |     8 |       ||     8
       Ration            |       |     1 |     5 ||     6
Armor: Animal skin       |    13 |    20 |       ||    33
       Leather armour    |       |       |    22 ||    22
Dodge: Dodged            |    66 |   108 |   103 ||   277
